 Dungeon Crawl Stone Soup version 0.31-a0-233-g139696dc86 (webtiles) character file.

Game seed: 7148579003822696509

85 qw the Shooter (level 4, 0/36 HPs)
             Began as a Minotaur Hexslinger on July 8, 2023.
             Slain by Ijyb
             ... wielding a +0 dagger of flaming
              (1 damage)
             ... on level 3 of the Dungeon.
             The game lasted 00:00:37 (1430 turns).

qw the Shooter (Minotaur Hexslinger)                Turns: 1430, Time: 00:00:38

Health: 0/36       AC:  5    Str: 12    XL:     4   Next: 25%
Magic:  4/4        EV: 11    Int: 10    God:
Gold:   143        SH:  0    Dex: 21    Spells: 4/5 levels left

rFire   . . .        Y - +2 sling
rCold   . . .        (no shield)
rNeg    . . .        m - +0 ring mail
rPois   .            (helmet restricted)
rElec   .            (no cloak)
rCorr   .            (no gloves)
SInv    .            (no boots)
Will    .....        (no amulet)
Stlth   +            k - +6 ring of dexterity
HPRegen 0.26/turn    (no ring)
MPRegen 0.09/turn

%: no passive effects
@: no status effects
A: horns 2, retaliatory headbutt
a: no special abilities


You were on level 3 of the Dungeon.
You visited 1 branch of the dungeon, and saw 3 of its levels.

You collected 143 gold pieces.


Innate Abilities, Weirdness & Mutations

You have a pair of horns on your head.
You reflexively headbutt those who attack you in melee.


   Skills:
 - Level 2.0 Fighting
 + Level 4.6 Ranged Weapons
 - Level 1.1 Armour
 - Level 2.1 Dodging
 - Level 1.0 Spellcasting
 - Level 2.0 Hexes


You had 4 spell levels left.
You knew the following spells:

 Your Spells              Type           Power      Damage    Failure   Level
a - Slow                  Hex            16%        N/A       34%         1

Your spell library contained the following spells:

 Spells                   Type           Power      Damage    Failure   Level
 Inner Flame              Hex/Fire       2%         N/A       83%         3
 Portal Projectile        Hex/Tloc       4%         N/A       83%         3
 Cause Fear               Hex            2%         N/A       98%         4

Inventory:

Hand Weapons
 Y - a +2 sling (weapon)
Armour
 m - a +0 ring mail (worn)
Jewellery
 k - a +6 ring of dexterity (left hand)
Scrolls
 g - a scroll of identify
Potions
 a - a potion of brilliance {unknown}
 b - a potion of lignification {unknown}
 e - a potion of haste {unknown}
 h - 2 potions of curing
 i - a potion of ambrosia {unknown}

Dungeon Overview and Level Annotations

Branches:
Dungeon (3/15)

Altars:
Ashenzari
Dithmenos
Gozag
Uskayaw
Xom
Zin

Annotations:
D:3 Ijyb


Message History

You shoot a sling bullet.
The sling bullet hits Ijyb but does no damage.
You shoot a sling bullet. The sling bullet closely misses Ijyb.
You shoot a sling bullet.
The sling bullet hits Ijyb but does no damage.
Ijyb zaps a wand.
The puff of flame hits you!
You shoot a sling bullet. The sling bullet barely misses Ijyb.
You shoot a sling bullet. The sling bullet closely misses Ijyb.
Ijyb hits you with a +0 dagger of flaming.
Ijyb burns you.
You shoot a sling bullet. The sling bullet hits Ijyb.
Ijyb is lightly wounded.
Ijyb closely misses you.
You shoot a sling bullet.
The sling bullet hits Ijyb but does no damage.
Ijyb is lightly wounded.
Ijyb zaps a wand.
The puff of flame misses you.
Ijyb zaps a wand.
The puff of flame misses you.
You shoot a sling bullet. The sling bullet closely misses Ijyb.
Ijyb hits you but does no damage.
You shoot a sling bullet. The sling bullet hits Ijyb.
Ijyb is moderately wounded.
Ijyb closely misses you. You furiously retaliate!
You headbutt Ijyb! You shoot a sling bullet.
The sling bullet closely misses Ijyb.
Ijyb zaps a wand.
The puff of flame hits you.
You shoot a sling bullet. The sling bullet closely misses Ijyb.
Ijyb zaps a wand.
The puff of flame hits you!
Ijyb zaps a wand.
The puff of flame hits you!
You shoot a sling bullet.
The sling bullet hits Ijyb but does no damage.
Ijyb is heavily wounded.
Ijyb closely misses you. You furiously retaliate!
You headbutt Ijyb! You shoot a sling bullet.
The sling bullet closely misses Ijyb.
Ijyb hits you but does no damage.
You shoot a sling bullet.
The sling bullet hits Ijyb but does no damage.
Ijyb is almost dead.
Ijyb hits you with a +0 dagger of flaming.
Ijyb burns you.
You die...

#.#..... ##....
##......### #....#
##.........### ##.###
.<..........###...###..
#............#._.#....
#..........###...###..
#........###.####+.###
#......###....#.#....#
#...g@.......##.##....
=...#..##......#...#....
#. ##.##.....##...##...
..........#.....#...
##.#......#.....#...
#.#####.####.....## #.
#.###....#### #.
##.#..........
#.?..#....#.##


You could see Ijyb.

Vanquished Creatures
  Robin (D:3)
  An adder (D:2)
  A worm (D:2)
  A dart slug (D:1)
  An orc (D:2)
  A ball python (D:2)
  An endoplasm (D:2)
  2 giant cockroaches
  10 hobgoblins
  7 jackals
  4 bats
  3 frilled lizards
  13 goblins
  4 kobolds (D:1)
  6 rats
56 creatures vanquished.

Notes
Turn   | Place    | Note
-------+----------+-------------------------------------------
     0 | D:1      | qw the Minotaur Hexslinger began the quest for the Orb.
     0 | D:1      | Reached XP level 1. HP: 16/16 MP: 1/1
     0 | D:1      | 0 ||| qw: Version: 0.3-a-46-gb1f654a
     0 | D:1      | 0 ||| qw: Game counter: 3719
     0 | D:1      | 0 ||| qw: Melee chars always use a shield: true
     0 | D:1      | 0 ||| qw: God list: Okawaru
     0 | D:1      | 0 ||| qw: Allow faded altars: false
     0 | D:1      | 0 ||| qw: Do Orc after clearing Dungeon:15 true
     0 | D:1      | 0 ||| qw: Do second Lair branch before Depths: true
     0 | D:1      | 0 ||| qw: Lair rune preference: random
     0 | D:1      | 0 ||| qw: Goals: Normal
     0 | D:1      | 0 ||| PLANNING D:1-11
    81 | D:1      | Reached skill level 3 in Ranged Weapons
    83 | D:1      | Reached XP level 2. HP: 23/23 MP: 2/2
   551 | D:1      | 551 ||| UPGRADING to +0 leather armour.
   561 | D:1      | 561 ||| DROPPING +0 robe.
   562 | D:1      | 562 ||| UPGRADING to +0 ring mail.
   572 | D:1      | 572 ||| DROPPING +0 leather armour.
   573 | D:1      | 573 ||| UPGRADING to +6 ring of dexterity.
   574 | D:1      | 574 ||| READING scroll labelled USIECR SEQU.
   618 | D:1      | 618 ||| READING 2 scrolls labelled ANIUPN QUEHOPH.
   619 | D:1      | 619 ||| READING scroll labelled MIENOCZ FIOTRU.
   620 | D:1      | 620 ||| READING scroll labelled NECKEA QEIGU.
   621 | D:1      | 621 ||| DRINKING 3 brown potions.
   622 | D:1      | 622 ||| DROPPING scroll of poison.
   633 | D:2      | Found a faded altar of an unknown god.
   680 | D:2      | Identified the +3 falchion of Boifuc {flame, rC+}
   693 | D:2      | Reached XP level 3. HP: 8/29 MP: 3/3
   693 | D:2      | HP: 7/29 [poisoned by an adder]
   864 | D:2      | Reached skill level 4 in Ranged Weapons
  1004 | D:2      | Reached skill level 1 in Armour
  1152 | D:2      | 1152 ||| READING scroll labelled OREHAE FOSECE.
  1153 | D:2      | 1153 ||| READING 2 scrolls of identify.
  1153 | D:2      | 1153 ||| IDENTIFYING pink potion
  1154 | D:2      | 1154 ||| DROPPING potion of attraction.
  1172 | D:3      | Found a shadowy altar of Dithmenos.
  1173 | D:3      | Found a hide-covered altar of Uskayaw.
  1173 | D:3      | Found a shimmering altar of Xom.
  1174 | D:3      | Found an opulent altar of Gozag.
  1176 | D:3      | Found a glowing silver altar of Zin.
  1200 | D:3      | Found a broken altar of Ashenzari.
  1220 | D:3      | Noticed Robin
  1230 | D:3      | Reached XP level 4. HP: 27/36 MP: 4/4
  1232 | D:3      | HP: 5/36 [hobgoblin[Robin] (5)]
  1234 | D:3      | Killed Robin
  1415 | D:3      | Noticed Ijyb
  1427 | D:3      | HP: 3/36 [Ijyb/puff of flame (7)]
  1430 | D:3      | HP: 1/36 [Ijyb/+0 dagger of flaming (3)]
  1430 | D:3      | Slain by Ijyb

Levels and vault maps discovered:
D:1:      lightli_arrival_chessboard, layout_rooms
D:2:      layout_rooms, basic_ecumenical_altar, nicolae_houndstooth_variations
D:3:      layout_rooms, nicolae_ashenzari_panopticon, led_sif_pool,
          mainiacjoe_overflow_24_doors, minitemple, uniq_ijyb, uniq_robin,
          uniq_jessica

Skill      XL: |  1  2  3 |
---------------+----------+-----
Ranged Weapons | 3 4 |  4.6
Fighting       | 2 |  2.0
Armour         | 1 |  1.1
Dodging        | |  2.1
Spellcasting   | |  1.0
Hexes          | |  2.0

Action                     |  1- 3 |  4- 6 || total
---------------------------+-------+-------++-------
   Fire: Sling             |   120 |    23 ||   143
    Use: Scroll            |     6 |       ||     6
         Potion            |     1 |       ||     1
 Armour: Ring mail         |    27 |     7 ||    34
  Dodge: Dodged            |    70 |    15 ||    85

Table legend:
 A = Non-vault XP
 B = Vault XP
 C = Vault XP percentage of total XP
 D = Non-vault monster count
 E = Vault monster count
 F = Vault count percentage of total count
                 A         B        C        D         E       F
            +---------+---------+-------+---------+---------+-------
      Total |      87 |      35 |  28.7 |      44 |      12 |  21.4
            +---------+---------+-------+---------+---------+-------
        D:1 |      39 |       0 |   0.0 |      24 |       0 |   0.0
        D:2 |      41 |       0 |   0.0 |      15 |       0 |   0.0
        D:3 |       7 |      35 |  83.3 |       5 |      12 |  70.6
            +---------+---------+-------+---------+---------+-------
